 Dungeon Crawl Stone Soup version 0.30.0-29-ga12c61a403 (webtiles) character file.

Game seed: 12530879530696613069

384 ChiefBigBeans the Ducker (level 6, -1/45 (48) HPs)
             Began as a Demonspawn Gladiator on June 21, 2023.
             Slain by Duvessa
             ... wielding a +3 short sword of distortion
              (7 damage)
             ... on level 4 of the Dungeon.
             The game lasted 00:08:00 (2855 turns).

ChiefBigBeans the Ducker (Demonspawn Gladiator)     Turns: 2855, Time: 00:08:02

HP:   -1/45 (48)    AC:  8    Str: 19    XL:     6   Next: 47%
MP:   6/6           EV: 12    Int: 10    God:
Gold: 96            SH:  0    Dex: 14    Spells: 5/5 levels left

rFire   + . .        h - +1 long sword (heavy)
rCold   . . .        (no shield)
rNeg    . . .        g - +0 ring mail
rPois   +            c - +2 helmet
rElec   .            (no cloak)
rCorr   .            (no gloves)
SInv    +            (no boots)
Will    .....        (no amulet) Stlth
                     r - ring of see invisible
HPRegen 0.00/turn    b - ring of Feheekod {rPois rF+ Str+3 Slay+3}
MPRegen 0.10/turn

%: no passive effects
@: confused, ambrosia-drunk, inhibited regen, drained
A: icemail 1, condensation shield, demonic magic 1, demonic touch 1, large bone
plates 1, inhibited regeneration, MP-powered wands
a: no special abilities


You were on level 4 of the Dungeon.
You visited 1 branch of the dungeon, and saw 4 of its levels.

You collected 186 gold pieces.
You spent 90 gold pieces at shops.

Inventory:

Hand Weapons
 h - a +1 heavy long sword (weapon)
Armour
 c - a +2 helmet (worn)
 g - a +0 ring mail (worn)
Jewellery
 b - the ring of Feheekod (right hand) {rPois rF+ Str+3 Slay+3}
   (You acquired it on level 3 of the Dungeon)

   [ring of poison resistance]

   Str:       It affects your strength (+3).
   Slay:      It affects your accuracy & damage with ranged weapons and melee
   (+3).
   rF:        It protects you from fire.
   rPois:     It protects you from poison.
 r - a ring of see invisible (left hand)
Wands
 d - a wand of quicksilver (1)
Scrolls
 a - 3 scrolls of identify
 e - a scroll of immolation
 m - a scroll of magic mapping


   Skills:
 + Level 3.7 Fighting
 + Level 2.7 Long Blades
 - Level 2.8 Polearms
 - Level 1.8 Throwing
 + Level 2.7 Armour
 + Level 4.0 Dodging


You had 5 spell levels left.
You didn't know any spells.
Your spell library contained the following spells:

 Spells                   Type           Power      Damage    Failure   Level
 Freeze                   Ice            0%         1d3       54%         1
 Sandblast                Erth           0%         2d4       54%         1
 Passwall                 Tmut/Erth      0%         N/A       67%         2
 Frozen Ramparts          Ice            0%         1d1       88%         3
 Hailstorm                Conj/Ice       0%         3d3       88%         3
 Stone Arrow              Conj/Erth      0%         3d7       88%         3


Dungeon Overview and Level Annotations

Branches:
Dungeon (4/15)
 Temple: D:4-7

Altars:
Uskayaw

Shops:
D:3 ?

Annotations:
D:4 Dowan, Duvessa


Innate Abilities, Weirdness & Mutations

A meltable icy envelope protects you from harm. (AC +0)
A meltable shield of frost defends you. (SH +0)
Spells you cast may paralyse adjacent enemies.
Your touch may inflict minor irresistible damage on your foes.
You are partially covered in large bone plates. (SH +4)
You do not regenerate when monsters are visible.
You expend magic power (3 MP) to strengthen your wands.


Message History

The iguana hisses menacingly.
Dowan hits you with a +2 dagger of draining.
You feel drained.
You slash Dowan!
Dowan is severely wounded.
Dowan completely misses you. Dowan barely misses you.
Duvessa closely misses you.
You closely miss Dowan.
Dowan is severely wounded.
Duvessa hits you with a +3 short sword of distortion!
Space warps around you. Dowan misses you.
You barely miss Dowan.
Dowan is severely wounded.
Duvessa hits you with a +3 short sword of distortion!
You blink.
You are too injured to fight recklessly!
You are too injured to fight recklessly!
You are confused.
You feel invigorated.
Dowan hits you with a +2 dagger of draining.
You feel drained.
You are too confused!
You are too confused!
You are too confused!
Dowan casts a spell at Duvessa.
Duvessa seems to speed up.
You miss Duvessa.
Duvessa hits you with a +3 short sword of distortion!
Space warps horribly around you!
* * * LOW HITPOINT WARNING * * *
Dowan gestures at you while chanting. You resist with some effort.
Duvessa hits you with a +3 short sword of distortion.
* * * LOW HITPOINT WARNING * * *
Space warps around you.
* * * LOW HITPOINT WARNING * * *
Dowan closely misses you.
Duvessa says, "My weaknesses are his strengths!"
Duvessa hits you with a +3 short sword of distortion!
You die...

#..# #.# #..#
###########)## #..#
#.......)..#.# #..#
#(#######.#.## ##..####.##
#.### ##........# #.# #
..........# #.######.#.#
##.######.###
##.e†..!..$.# ##.# #...[.#
#.@el.....#
#.####.###.###.######....#
#.##...# #.....# ...
##.##.#.###.###..... #
............###...#.
########.........#
##.#####.## #.......#
#####.#.#


You could see Duvessa (fast), Dowan and an iguana.

Vanquished Creatures
  Eustachio (D:4)
  A hound (D:4)
  An orc priest (D:4)
  An iguana (D:3)
  3 gnolls (D:3)
  5 adders
  3 worms
  4 dart slugs
  7 orcs
  3 bats
  6 endoplasms
  5 giant cockroaches
  3 goblins
  10 hobgoblins
  2 jackals (D:2)
  3 kobolds
  A quokka (D:1)
  3 ball pythons
  7 frilled lizards
  8 rats
  A spectral goblin (D:3)
78 creatures vanquished.

Notes
Turn   | Place    | Note
-------+----------+-------------------------------------------
     0 | D:1      | ChiefBigBeans the Demonspawn Gladiator began the quest for
                  | the Orb.
     0 | D:1      | Reached XP level 1. HP: 16/16 MP: 1/1
   205 | D:1      | Gained mutation: Your touch may inflict minor irresistible
                  | damage on your foes. [demonic ancestry]
   205 | D:1      | Reached XP level 2. HP: 22/22 MP: 2/2
   371 | D:1      | Reached skill level 3 in Dodging
   688 | D:1      | Gained mutation: A meltable shield of frost defends you.
                  | (SH +0) [demonic ancestry]
   688 | D:1      | Reached XP level 3. HP: 28/28 MP: 3/3
   748 | D:1      | Reached skill level 1 in Armour
   871 | D:2      | Reached skill level 1 in Long Blades
  1504 | D:2      | Gained mutation: A meltable icy envelope protects you from
                  | harm. (AC +0) [demonic ancestry]
  1504 | D:2      | Reached XP level 4. HP: 34/34 MP: 4/4
  1620 | D:2      | Gained mutation: You are partially covered in large bone
                  | plates. (SH +4) [potion of mutation]
  1620 | D:2      | Gained mutation: You do not regenerate when monsters are
                  | visible. [potion of mutation]
  1620 | D:2      | Gained mutation: You expend magic power (3 MP) to
                  | strengthen your wands. [potion of mutation]
  1713 | D:3      | Found a faded altar of an unknown god.
  2039 | D:3      | Found Guych's Magic Scroll Boutique.
  2076 | D:3      | Bought a scroll of enchant armour for 90 gold pieces
  2076 | D:3      | Identified a scroll of acquirement
  2076 | D:3      | Acquired the ring of Feheekod {rPois rF+ Str+3 Slay+3}
  2246 | D:3      | Gained mutation: Spells you cast may paralyse adjacent
                  | enemies. [demonic ancestry]
  2246 | D:3      | Reached XP level 5. HP: 41/41 MP: 5/5
  2481 | D:3      | Found a hide-covered altar of Uskayaw.
  2612 | D:4      | Noticed Eustachio
  2626 | D:4      | Killed Eustachio
  2627 | D:4      | Reached XP level 6. HP: 47/47 MP: 6/6
  2845 | D:4      | Noticed Dowan
  2846 | D:4      | Noticed Duvessa
  2847 | D:4      | Reached skill level 4 in Dodging
  2855 | D:4      | Slain by Duvessa

Illustrated notes

Levels and vault maps discovered:
D:1:      minmay_arrival_loop, layout_basic, chequers_decorated_corner
D:2:      layout_basic, hangedman_glass_teeth, minmay_misc_feat_rugged,
          kennysheep_generic_room_15
D:3:      layout_basic, nicolae_uskayaw_suspiria, serial_shops,
          nicolae_shop_getting_attention,
          dreamdust_ecumenical_altar_drowned_temple
D:4:      layout_loops_ring, minmay_cupped, uniq_duvessa, uniq_eustachio,
          uniq_blork_the_orc

Skill      XL: |  1  2  3  4  5  6 |
---------------+-------------------+-----
Dodging        | 3 4 |  4.0
Armour         | 1 2 |  2.7
Long Blades    | 1 2 |  2.7
Fighting       | 3 |  3.7
Polearms       | |  2.8
Throwing       | |  1.8

Action                     |  1- 3 |  4- 6 || total
---------------------------+-------+-------++-------
  Melee: Trident           |    16 |       ||    16
         Long sword        |    77 |    68 ||   145
         Touch             |     7 |    11 ||    18
         Punch             |     1 |       ||     1
    Use: Scroll            |     1 |     9 ||    10
         Potion            |       |     8 ||     8
 Armour: Leather armour    |     5 |       ||     5
         Ring mail         |    37 |    20 ||    57
  Dodge: Dodged            |    72 |    37 ||   109
  Block: Other             |    16 |    24 ||    40
